 Dungeon Crawl Stone Soup version 0.27.0-1-g7a089689b8 (webtiles) character file.

Game seed: 11360185157575615201

459 Malachi the Skirmisher (level 6, 0/49 HPs)
             Began as a Demonspawn Abyssal Knight on Aug 15, 2021.
             Was a Believer of Lugonu.
             Killed by nerve-wracking pain
             ... invoked by an orc priest
              (10 damage)
             ... on level 4 of the Dungeon.
             The game lasted 00:05:17 (2969 turns).

Malachi the Skirmisher (Demonspawn Abyssal Knight)  Turns: 2969, Time: 00:05:17

Health: 0/49       AC:  6    Str: 12    XL:     6   Next: 78%
Magic:  8/8        EV: 11    Int: 16    God:    Lugonu [**....]
Gold:   73         SH:  0    Dex: 12    Spells: 5/5 levels left

rFire    . . .     SeeInvis .   c - +3 hand axe (flame)
rCold    . . .     Faith    .   (no shield)
rNeg     . . .     Spirit   .   b - +0 leather armour
rPois    .         Reflect  .   (no helmet)
rElec    .         Harm     .   n - +1 cloak
rCorr    .         Rampage  .   (no gloves)
Will     +....     Rnd*Tele +   (no boots)
Stlth    +.........             (no amulet)
HPRegen  0.16/turn              (no ring)
MPRegen  0.11/turn              (no ring)

@: no status effects
A: ignite blood 1, sharp scales 1, demonic magic 1, hooves 1, strong-willed 1,
teleportitis 1
a: Renounce Religion, Depart the Abyss, Bend Space


You were on level 4 of the Dungeon.
You worshipped Lugonu.
Lugonu was pleased with you.
You visited 1 branch of the dungeon, and saw 4 of its levels.
You visited the Abyss 1 time.

You collected 123 gold pieces.
You spent 50 gold pieces at shops.

Inventory:

Hand Weapons
 a - a +1 hand axe
 c - a +3 hand axe of flaming (weapon)
Armour
 b - a +0 leather armour (worn)
 n - a +1 cloak (worn)
Jewellery
 e - an amulet of reflection
 o - a +4 ring of slaying
Scrolls
 f - 3 scrolls of identify
 g - a scroll of magic mapping
 h - a scroll of amnesia
 j - a scroll of enchant weapon
Potions
 d - a potion of cancellation
 i - a potion of brilliance
 l - a potion of curing {unknown}


   Skills:
 + Level 4.6 Fighting
 + Level 4.3 Axes
 + Level 3.1 Armour
 + Level 2.2 Dodging
 + Level 1.0 Stealth
 + Level 2.7 Invocations


You had 5 spell levels left.
You didn't know any spells.
Your spell library contained the following spells:

 Spells                   Type           Power      Damage    Failure   Level
 Foxfire                  Conj/Fire      0%         2x1d4     32%         1
 Conjure Flame            Conj/Fire      0%         6-21      67%         3
 Inner Flame              Hex/Fire       0%         N/A       67%         3


Dungeon Overview and Level Annotations

Branches:
Dungeon (4/15)
 Temple: D:4-7

Altars:
Dithmenos
Nemelex Xobeh
Vehumet
Xom

Shops:
D:1 (   D:3 (==*!

Annotations:
D:4 Purgy


Innate Abilities, Weirdness & Mutations

Your demonic aura sometimes causes spilled blood to erupt in flames.
You are partially covered in razor-sharp scales. (AC +1, Slay +1)
Spells you cast may paralyse adjacent enemies.
You have large cloven feet.
You are strong-willed. (Will+)
You are occasionally teleported next to monsters.


Message History

The ball python grabs you. The ball python constricts you.
You hit the orc priest. You burn the orc priest.
The orc priest is severely wounded.
You hit the orc but do no damage. You hit the ball python.
You burn the ball python.
The orc priest calls upon Beogh to heal the orc.
The orc's wounds heal themselves!
The ball python bites you but does no damage.
The ball python constricts you. The orc closely misses you.
Unknown command.
You hit the orc priest but do no damage.
The orc priest is severely wounded.
You hit the ball python. You burn the ball python.
You kill the ball python!
Lugonu accepts your kill.
You hit the orc. You burn the orc.
The orc priest mumbles some strange prayers to Beogh against you.
Beogh smites you! The orc closely misses you.
The orc priest invokes the aid of Beogh against you.
Beogh smites you!
You hear a shout!
You hit the orc priest. You burn the orc priest.
You kick the orc priest, but do no damage.
The orc priest is almost dead.
You hit the orc. You burn the orc.
You hear a shout!
The orc priest looks satisfied for a moment.
The orc barely misses you. The orc priest hits you with a +0 club.
You hit the orc priest. You burn the orc priest.
You kill the orc priest!
Lugonu accepts your kill.
You completely miss the orc. The orc hits you with a +0 flail.
* * * LOW HITPOINT WARNING * * *
The orc priest calls upon Beogh to heal the orc.
The orc is healed somewhat.
The orc hits you with a +0 flail.
* * * LOW HITPOINT WARNING * * *
The orc priest invokes the aid of Beogh against you.
Pain shoots through your body!
You die...

#.......# #.......#
#....)..###########
###.#.#.....#.....
#...#o............
#...#...<.........
##.o.#......o......
#....#.............
#.@).#o...o....<...
#.o#o#.............
#..#...............
...###.#............
#... ..........#.....
#.....#.#############
#...###.# #... #..
##.


You could see an orc priest and 2 orcs.

Vanquished Creatures
  Sigmund (D:2)
  An ogre (D:4)
  A bullfrog (D:4)
  A quasit (Abyss:1)
  An orc priest (D:4)
  Terence (D:2)
  2 adders
  An ufetubus (Abyss:1)
  2 worms
  A dart slug (D:1)
  3 orcs
  3 ball pythons
  2 endoplasms
  3 goblins (D:1)
  2 hobgoblins
  4 jackals (D:3)
  5 kobolds
  2 quokkas
  8 bats
  4 rats
48 creatures vanquished.

Vanquished Creatures (others)
  11 demonic plants (Abyss:1)
11 creatures vanquished.

Grand Total: 59 creatures vanquished

Notes
Turn   | Place    | Note
-------+----------+-------------------------------------------
     0 | Abyss:1  | Malachi the Demonspawn Abyssal Knight began the quest for
                  | the Orb.
     0 | Abyss:1  | Reached XP level 1. HP: 18/18 MP: 2/2
    62 | Abyss:1  | Found a corrupted altar of Lugonu.
   116 | Abyss:1  | Noticed a quasit
   133 | Abyss:1  | Killed a quasit
   134 | Abyss:1  | Reached skill level 1 in Dodging
   134 | Abyss:1  | Gained mutation: Your demonic aura sometimes causes spilled
                  | blood to erupt in flames. [demonic ancestry]
   134 | Abyss:1  | Reached XP level 2. HP: 5/24 MP: 3/3
   134 | Abyss:1  | Gained mutation: You are partially covered in razor-sharp
                  | scales. (AC +1, Slay +1) [demonic ancestry]
   134 | Abyss:1  | Reached XP level 3. HP: 6/29 MP: 4/4
   413 | Abyss:1  | Noticed a small abomination
   418 | D:1      | Escaped the Abyss
  1118 | D:1      | Found Qoceg's Weapon Emporium.
  1373 | D:2      | Noticed Terence
  1378 | D:2      | Killed Terence
  1379 | D:2      | Reached XP level 4. HP: 37/37 MP: 6/6
  1445 | D:2      | Noticed Sigmund
  1586 | D:3      | Found Ybrenics's Antique Weapon Shoppe.
  1590 | D:3      | Found a faded altar of an unknown god.
  1654 | D:3      | Reached ** piety under Lugonu
  1655 | D:3      | Found a shimmering altar of Xom.
  1656 | D:3      | Found a shadowy altar of Dithmenos.
  1657 | D:3      | Found a radiant altar of Vehumet.
  1684 | D:3      | Found Icel's Distillery.
  1703 | D:3      | Bought a potion of heal wounds for 50 gold pieces
  1724 | D:3      | Found Yrelis's General Store.
  1918 | D:3      | Found a sparkling altar of Nemelex Xobeh.
  1927 | D:3      | Found Katonar's Jewellery Emporium.
  1958 | D:3      | Found Lokkuroasu's Jewellery Shoppe.
  2581 | D:2      | Gained mutation: You are strong-willed. (Will+) [potion of
                  | mutation]
  2581 | D:2      | Gained mutation: You are occasionally teleported next to
                  | monsters. [potion of mutation]
  2581 | D:2      | Gained mutation: You have large cloven feet. [potion of
                  | mutation]
  2585 | D:2      | Killed Sigmund
  2586 | D:2      | Reached XP level 5. HP: 43/43 MP: 7/7
  2586 | D:2      | Gained mutation: Spells you cast may paralyse adjacent
                  | enemies. [demonic ancestry]
  2586 | D:2      | Reached XP level 6. HP: 49/49 MP: 8/8
  2889 | D:4      | Noticed Purgy
  2945 | D:4      | Reached skill level 1 in Stealth
  2969 | D:4      | Killed from afar by an orc priest

Illustrated notes

Levels and vault maps discovered:
D:1:      minmay_arrival_radiant_lines, layout_loops_corners, serial_shops, shop
D:2:      layout_basic, uniq_sigmund, uniq_terence
D:3:      layout_rooms, nemelex_xobeh_ov_fountains_minmay,
          chequers_temple_overflow_statue_of_worship, serial_shops,
          nicolae_shop_statue_plus, nicolae_shop_waterfront, shop, shop, shop,
          hellmonk_ecumenical_altar_lost_god
D:4:      layout_rooms, nicolae_tso_swordbearing_angel, minmay_misc_feat_plants,
          uniq_purgy

Skill      XL: |  1  2  3  4  5  6 |
---------------+-------------------+-----
Axes           | 2 3 4 |  4.3
Armour         | 2 3 |  3.1
Dodging        | 1 2 |  2.2
Fighting       | 4 |  4.6
Stealth        | 1 |  1.0
Invocations    | |  2.7

Action                   |  1- 3 |  4- 6 || total
-------------------------+-------+-------++-------
Melee: Hand axe          |    54 |    75 ||   129
       Kick              |       |     2 ||     2
  Use: Scroll            |     2 |     6 ||     8
       Potion            |       |     4 ||     4
Armor: Leather armour    |    45 |    27 ||    72
       Skin              |       |     2 ||     2
Dodge: Dodged            |    52 |    52 ||   104
